[Event "90th GER-ch 2019"]
[Site "Magdeburg"]
[Date "2019.05.26"]
[Round "1.3"]
[White "Kollars, Dmitrij"]
[Black "Wachinger, Nikolas"]
[Result "1-0"]
[ECO "B23"]
[WhiteElo "2561"]
[BlackElo "2311"]
[Annotator "ChessBase"]
[PlyCount "81"]
[EventDate "2019.05.26"]
[EventType "tourn"]
[EventCountry "GER"]
[SourceTitle "playchess.com"]
[Source "ChessBase"]
[SourceQuality "1"]
[TimeControl "40/5400+30:1800+30"]

1. e4 c5 2. Nc3 d6 3. d4 cxd4 4. Qxd4 Nc6 5. Qd2 g6 6. b3 Bh6 7. f4 Nf6 8. Bb2 O-O 9. O-O-O a5 10. a4 e5 11. g3 Be6 12. Kb1 Qb6 13. Bh3 Nd4 14. Qf2 Nd7 15. Bxe6 fxe6 16. Nce2 Nxe2 17. Qxb6 Nxb6 18. Nxe2 exf4 19. Rxd6 f3 20. Nf4 Bxf4 21. gxf4 Nc8 22. Rd7 Rxf4 23. Rf1 Rf7 24. Rxf7 Kxf7 25. Rxf3+ Ke8 26. Ba3 Ne7 27. Rh3 h5 28. Rg3 Rd8 29. Bxe7 Kxe7 30. Rxg6 b6 31. Rh6 Rd4 32. Rxh5 Rxe4 33. Rb5 Rd4 34. Rxb6 e5 35. Kb2 e4 36. Kc3 Rd8 37. Rh6 Kf7 38. Rh4 Re8 39. Kd2 Kf6 40. Rh5 Rd8+ 41. Ke3 1-0

[Event "90th GER-ch 2019"]
[Site "Magdeburg"]
[Date "2019.05.26"]
[Round "1.4"]
[White "Becker, Marcel"]
[Black "Stern, Rene"]
[Result "1/2-1/2"]
[ECO "D31"]
[WhiteElo "2308"]
[BlackElo "2538"]
[Annotator "RC"]
[PlyCount "58"]
[EventDate "2019.05.26"]
[EventType "tourn"]
[EventCountry "GER"]
[SourceTitle "playchess.com"]
[Source "ChessBase"]
[SourceQuality "1"]
[TimeControl "40/5400+30:1800+30"]

1. d4 d5 2. c4 e6 3. Nc3 a6 4. cxd5 exd5 5. Bf4 Nf6 6. e3 Bd6 7. Bxd6 Qxd6 8. Bd3 O-O 9. Qc2 Nc6 10. a3 Bg4 11. Nge2 Bxe2 12. Bxe2 Nd8 13. O-O c6 14. Na4 Ne6 15. Rfc1 Qe7 16. Bd3 g6 17. b4 Ne8 18. Nc5 Nd6 19. a4 Rfc8 20. Qb3 b5 21. axb5 axb5 22. Rxa8 Rxa8 23. Nxe6 fxe6 24. Rxc6 Ra1+ 25. Bf1 Nc4 26. Qc3 Rd1 27. Qc2 Ra1 28. Qc3 Rd1 29. Qc2 Ra1 1/2-1/2

[Event "90th GER-ch 2019"]
[Site "Magdeburg"]
[Date "2019.05.26"]
[Round "1.5"]
[White "Engel, Luis"]
[Black "Schulz, Lukas"]
[Result "1-0"]
[ECO "B30"]
[WhiteElo "2512"]
[BlackElo "2302"]
[Annotator "ChessBase"]
[PlyCount "37"]
[EventDate "2019.05.26"]
[EventType "tourn"]
[EventCountry "GER"]
[SourceTitle "playchess.com"]
[Source "ChessBase"]
[SourceQuality "1"]
[TimeControl "40/5400+30:1800+30"]

1. e4 c5 2. Nf3 Nc6 3. Bb5 d6 4. O-O Bd7 5. Re1 Nf6 6. c3 a6 7. Bf1 g6 8. d4 Bg7 9. e5 dxe5 10. dxe5 Ng4 11. Bf4 g5 12. Nxg5 Bxe5 13. Bxe5 Ngxe5 14. f4 Ng6 15. Bc4 e6 16. Nd2 Na5 17. Qh5 Qf6 18. Nge4 Qe7 19. f5 1-0

[Event "90th GER-ch 2019"]
[Site "Magdeburg"]
[Date "2019.05.26"]
[Round "1.6"]
[White "Bastian, Herbert"]
[Black "Krassowizkij, Jaroslaw"]
[Result "0-1"]
[ECO "C02"]
[WhiteElo "2297"]
[BlackElo "2450"]
[Annotator "ChessBase"]
[PlyCount "74"]
[EventDate "2019.05.26"]
[EventType "tourn"]
[EventCountry "GER"]
[SourceTitle "playchess.com"]
[Source "ChessBase"]
[SourceQuality "1"]
[TimeControl "40/5400+30:1800+30"]

1. e4 e6 2. d4 d5 3. e5 c5 4. c3 Nc6 5. Nf3 Qb6 6. a3 Nh6 7. b4 cxd4 8. cxd4 Nf5 9. Bb2 Bd7 10. Be2 Be7 11. O-O Rc8 12. Qd2 h5 13. Rd1 g5 14. Bc3 a6 15. Ne1 g4 16. Nc2 Rg8 17. a4 Bg5 18. Qe1 Nce7 19. g3 f6 20. Bd3 fxe5 21. Qxe5 Kf7 22. Qe2 Bf6 23. a5 Qd6 24. b5 Bxb5 25. Bxb5 axb5 26. Qxb5 Qc6 27. Qd3 Qc4 28. a6 bxa6 29. Rxa6 Qxd3 30. Rxd3 Rc6 31. Ra7 Rb8 32. Nd2 Rbc8 33. Ra3 Nd6 34. Nb4 Rb6 35. Ra6 Rxa6 36. Nxa6 Nb5 37. Bb2 Rc2 0-1

[Event "90th GER-ch 2019"]
[Site "Magdeburg"]
[Date "2019.05.26"]
[Round "1.8"]
[White "Trifan, Andrei Ioan"]
[Black "Kvetny, Mark"]
[Result "1-0"]
[ECO "B13"]
[WhiteElo "2268"]
[BlackElo "2414"]
[Annotator "NA"]
[PlyCount "33"]
[EventDate "2019.05.26"]
[EventType "tourn"]
[EventCountry "GER"]
[SourceTitle "playchess.com"]
[Source "ChessBase"]
[SourceQuality "1"]
[TimeControl "40/5400+30:1800+30"]

1. e4 c6 2. d4 d5 3. exd5 cxd5 4. c4 Nf6 5. Nc3 Be6 6. Qb3 Nc6 7. cxd5 Nxd5 8. Qxb7 Nxd4 9. Bb5+ Nxb5 10. Qxb5+ Qd7 11. Qxd7+ Kxd7 12. Nge2 Nxc3 13. Nxc3 Bc4 14. f4 e6 15. Be3 Rb8 16. Bxa7 Rxb2 17. O-O-O+ 1-0

[Event "90th GER-ch 2019"]
[Site "Magdeburg"]
[Date "2019.05.26"]
[Round "1.9"]
[White "Rosner, Jonas"]
[Black "Heimrath, Reiner"]
[Result "1/2-1/2"]
[ECO "C60"]
[WhiteElo "2413"]
[BlackElo "2239"]
[Annotator "NA RC"]
[PlyCount "100"]
[EventDate "2019.05.26"]
[EventType "tourn"]
[EventCountry "GER"]
[SourceTitle "playchess.com"]
[Source "ChessBase"]
[SourceQuality "1"]
[TimeControl "40/5400+30:1800+30"]

1. e4 e5 2. Nf3 Nc6 3. Bb5 Nge7 4. Nc3 d6 5. d4 exd4 6. Nxd4 Bd7 7. Bg5 h6 8. Be3 a6 9. Be2 Nxd4 10. Qxd4 Nc6 11. Qd2 Be7 12. O-O-O Bf6 13. Nd5 Be6 14. f4 Bxd5 15. Qxd5 Qe7 16. Kb1 Nb4 17. Qb3 c5 18. Rhe1 O-O 19. Bc4 Rac8 20. Bd5 Qc7 21. g4 Qb6 22. Bc1 Nxd5 23. Qxd5 c4 24. Qxd6 Rc6 25. Qa3 Bd4 26. Be3 Rd8 27. Rxd4 Rxd4 28. Bxd4 Qxd4 29. Qe3 Qd8 30. e5 c3 31. b3 Qe7 32. Ka1 b5 33. f5 a5 34. Qd4 Qa3 35. Rb1 Rc8 36. Qd7 Qc5 37. e6 fxe6 38. fxe6 Qc6 39. Qf7+ Kh7 40. Qf5+ Kg8 41. Qf7+ Kh7 42. e7 Re8 43. h4 Qd7 44. Re1 Qd2 45. Qf5+ Kh8 46. Rf1 Qe2 47. Qf8+ Kh7 48. Qf5+ Kh8 49. Qf8+ Kh7 50. Qf5+ Kh8 1/2-1/2

[Event "90th GER-ch 2019"]
[Site "Magdeburg"]
[Date "2019.05.26"]
[Round "1.10"]
[White "Polster, Christian"]
[Black "Roseneck, Jonas"]
[Result "1-0"]
[ECO "A28"]
[WhiteElo "2236"]
[BlackElo "2403"]
[Annotator "NA RC"]
[PlyCount "93"]
[EventDate "2019.05.26"]
[EventType "tourn"]
[EventCountry "GER"]
[SourceTitle "playchess.com"]
[Source "ChessBase"]
[SourceQuality "1"]
[TimeControl "40/5400+30:1800+30"]

1. c4 e5 2. Nc3 Nf6 3. Nf3 Nc6 4. e3 Bb4 5. Qc2 Bxc3 6. bxc3 e4 7. Nd4 Ne5 8. f4 exf3 9. Nxf3 Nxf3+ 10. gxf3 d5 11. d4 O-O 12. cxd5 Qxd5 13. Be2 Bf5 14. Qb3 Rfe8 15. Bd2 Qd8 16. e4 Be6 17. Qb5 h6 18. Rg1 Kh8 19. O-O-O c6 20. Qb2 c5 21. Bb5 Bd7 22. dxc5 Qc7 23. Be3 Bxb5 24. Qxb5 b6 25. Rd2 Rac8 26. Bd4 Re6 27. cxb6 Rxb6 28. Bxb6 Qxc3+ 29. Kd1 Qxf3+ 30. Qe2 Qc3 31. Qg2 Qc1+ 32. Ke2 Qc4+ 33. Ke3 Qc3+ 34. Ke2 Qc4+ 35. Rd3 Nh5 36. Be3 Qc2+ 37. Rd2 Qc4+ 38. Kf2 Rc6 39. Rgd1 Rg6 40. Qh3 Qxe4 41. Qxh5 Qg2+ 42. Ke1 Qh1+ 43. Ke2 Qg2+ 44. Kd3 Rd6+ 45. Kc3 Rc6+ 46. Kb2 Qe4 47. Qd5 1-0

[Event "90th GER-ch 2019"]
[Site "Magdeburg"]
[Date "2019.05.26"]
[Round "1.12"]
[White "Kardoeus, David"]
[Black "Winterberg, Lukas"]
[Result "0-1"]
[ECO "C07"]
[WhiteElo "2202"]
[BlackElo "2376"]
[Annotator "NA"]
[PlyCount "45"]
[EventDate "2019.05.26"]
[EventType "tourn"]
[EventCountry "GER"]
[SourceTitle "playchess.com"]
[Source "ChessBase"]
[SourceQuality "1"]
[TimeControl "40/5400+30:1800+30"]

1. e4 e6 2. d4 d5 3. Nd2 c5 4. exd5 Qxd5 5. Ngf3 cxd4 6. Bc4 Qd7 7. O-O Nc6 8. Nb3 a6 9. Nbxd4 Nxd4 10. Nxd4 Qc7 11. Qe2 Bd6 12. Re1 Ne7 13. Bg5 Ng6 14. h4 O-O 15. h5 Nf4 16. Bxf4 Bxf4 17. g3 Bd6 18. Rad1 b5 19. Bxe6 fxe6 20. Nxe6 Qc6 21. Qg4 Rf7 22. Re5 Qxc2 23. Red5 0-1

[Event "90th GER-ch 2019"]
[Site "Magdeburg"]
[Date "2019.05.26"]
[Round "1.13"]
[White "Moeller, Dustin"]
[Black "Pajeken, Jakob Leon"]
[Result "1-0"]
[ECO "D35"]
[WhiteElo "2156"]
[BlackElo "2359"]
[Annotator "NA"]
[PlyCount "59"]
[EventDate "2019.05.26"]
[EventType "tourn"]
[EventCountry "GER"]
[SourceTitle "playchess.com"]
[Source "ChessBase"]
[SourceQuality "1"]
[TimeControl "40/5400+30:1800+30"]

1. c4 e6 2. d4 d5 3. Nc3 Nf6 4. cxd5 Nxd5 5. e4 Nxc3 6. bxc3 c5 7. Rb1 Be7 8. Nf3 O-O 9. Bc4 b6 10. O-O Nc6 11. Be3 Bb7 12. Qe2 Qc7 13. Rfd1 Rfd8 14. d5 exd5 15. Bxd5 Re8 16. Ng5 Bxg5 17. Bxg5 Qe5 18. f4 Qc7 19. Qg4 Kh8 20. Rd3 Bc8 21. Qh4 c4 22. Rg3 Qd6 23. f5 Bxf5 24. Bxc6 Qxc6 25. exf5 Re4 26. Rg4 Qc5+ 27. Kh1 Re2 28. Bf6 Rg8 29. Qxh7+ Kxh7 30. Rh4# 1-0

[Event "90th GER-ch 2019"]
[Site "Magdeburg"]
[Date "2019.05.26"]
[Round "1.14"]
[White "Paul, Johannes"]
[Black "Adiyaman, Rene"]
[Result "1-0"]
[ECO "D11"]
[WhiteElo "2364"]
[BlackElo "2175"]
[Annotator "NA"]
[PlyCount "107"]
[EventDate "2019.05.26"]
[EventType "tourn"]
[EventCountry "GER"]
[SourceTitle "playchess.com"]
[Source "ChessBase"]
[SourceQuality "1"]
[TimeControl "40/5400+30:1800+30"]

1. d4 d5 2. c4 c6 3. Nf3 Nf6 4. e3 g6 5. Nc3 Bg7 6. Be2 O-O 7. O-O Nbd7 8. cxd5 cxd5 9. Qb3 e6 10. Bd2 Ne4 11. Rfc1 a6 12. Be1 Ndf6 13. a4 Re8 14. a5 Nxc3 15. bxc3 Rb8 16. Bxa6 Qd6 17. Bf1 Nd7 18. Qb4 Bf8 19. Qxd6 Bxd6 20. c4 dxc4 21. Bxc4 Nf6 22. Ne5 Ra8 23. Bb5 Re7 24. Nc4 Bc7 25. Bb4 Rd7 26. Nb6 Bxb6 27. axb6 Rxa1 28. Rxa1 Kg7 29. Bxd7 Bxd7 30. Ra8 Nd5 31. Bc5 Bc6 32. Rc8 Bd7 33. Rd8 Bc6 34. g4 Kf6 35. Rc8 Bd7 36. Rf8 h6 37. h3 Kg7 38. Kh2 Bc6 39. Rc8 Bd7 40. Rd8 Bc6 41. Kg3 Kf6 42. Rc8 Bd7 43. Rf8 Bc6 44. e4 Nc3 45. f3 Ne2+ 46. Kf2 Nf4 47. Rc8 Bb5 48. h4 Ba6 49. Bf8 g5 50. h5 e5 51. d5 Nh3+ 52. Ke3 Ng1 53. Rd8 Nxf3 54. Rd6# 1-0

[Event "90th GER-ch 2019"]
[Site "Magdeburg"]
[Date "2019.05.26"]
[Round "1.15"]
[White "Krastev, Alexander"]
[Black "Guenther, Andreas"]
[Result "1-0"]
[ECO "A04"]
[WhiteElo "2344"]
[BlackElo "2121"]
[Annotator "NA RC"]
[PlyCount "127"]
[EventDate "2019.05.26"]
[EventType "tourn"]
[EventCountry "GER"]
[SourceTitle "playchess.com"]
[Source "ChessBase"]
[SourceQuality "1"]
[TimeControl "40/5400+30:1800+30"]

1. Nf3 f5 2. d3 d6 3. e4 e5 4. Nc3 c5 5. g3 Nc6 6. Bg2 Be7 7. Nd5 Nf6 8. c3 fxe4 9. Nxf6+ Bxf6 10. dxe4 Be6 11. Ng5 Bxg5 12. Qh5+ Bf7 13. Qxg5 Qxg5 14. Bxg5 h6 15. Be3 O-O-O 16. O-O Rhf8 17. f4 Be6 18. f5 Bc4 19. Rfd1 Kc7 20. Rd2 Ne7 21. g4 b6 22. b3 Ba6 23. h4 Bb7 24. Rad1 Rd7 25. Bf2 g6 26. Bg3 gxf5 27. gxf5 Rdd8 28. Kf2 Rg8 29. Bf3 Nc6 30. h5 b5 31. Bh4 Rd7 32. Ke3 b4 33. cxb4 cxb4 34. Rg2 Rxg2 35. Bxg2 Nd4 36. Bh3 Rf7 37. f6 Bc6 38. Rg1 Bd7 39. Rg7 Be8 40. Rg6 Rh7 41. Bg4 Bf7 42. Kd3 Ne6 43. Bxe6 Bxe6 44. Bf2 a5 45. Be3 Bf7 46. Rg7 Rxg7 47. fxg7 Kc6 48. Bxh6 a4 49. Kc2 d5 50. exd5+ Bxd5 51. Bd2 Kb5 52. h6 Bg8 53. Kd3 axb3 54. axb3 Bh7+ 55. Ke3 Kc5 56. Kf3 Kd4 57. Bxb4 e4+ 58. Kf4 e3 59. Kg5 Ke5 60. Bc3+ Ke6 61. b4 Kf7 62. b5 Kg8 63. b6 Be4 64. Kf4 1-0

[Event "90th GER-ch 2019"]
[Site "Magdeburg"]
[Date "2019.05.26"]
[Round "1.16"]
[White "Nosek, Reinhard"]
[Black "Svane, Frederik"]
[Result "0-1"]
[ECO "A45"]
[WhiteElo "1913"]
[BlackElo "2342"]
[Annotator "NA"]
[PlyCount "80"]
[EventDate "2019.05.26"]
[EventType "tourn"]
[EventCountry "GER"]
[SourceTitle "playchess.com"]
[Source "ChessBase"]
[SourceQuality "1"]
[TimeControl "40/5400+30:1800+30"]

1. d4 Nf6 2. Bg5 e6 3. Nd2 h6 4. Bh4 c5 5. e3 d5 6. Ngf3 Nc6 7. c3 Qb6 8. Qb3 Bd7 9. Bg3 Qxb3 10. axb3 Nh5 11. dxc5 Nxg3 12. hxg3 Bxc5 13. b4 Bb6 14. b5 Ne7 15. g4 O-O 16. Bd3 f6 17. e4 Rad8 18. O-O e5 19. exd5 Nxd5 20. c4 Nb4 21. Be4 Bxg4 22. Ra4 Nd3 23. Bd5+ Kh7 24. b4 f5 25. Bxb7 Bxf3 26. Bxf3 Nb2 27. Ra6 Rxd2 28. c5 e4 29. cxb6 axb6 30. Bh5 Nd3 31. Rxb6 Nf4 32. Rd1 Rb2 33. g4 Nh3+ 34. Kg2 Nxf2 35. Bg6+ Kg8 36. Rd7 Nxg4+ 37. Kg1 Ne5 38. Rc7 Nf3+ 39. Kf1 e3 40. Re6 Rf2# {Bh5} 0-1

[Event "90th GER-ch 2019"]
[Site "Magdeburg"]
[Date "2019.05.27"]
[Round "2.3"]
[White "Krastev, Alexander"]
[Black "Kollars, Dmitrij"]
[Result "0-1"]
[ECO "A06"]
[WhiteElo "2344"]
[BlackElo "2561"]
[Annotator "RC"]
[PlyCount "74"]
[EventDate "2019.05.26"]
[EventType "tourn"]
[EventCountry "GER"]
[SourceTitle "playchess.com"]
[Source "ChessBase"]
[SourceQuality "1"]
[TimeControl "40/5400+30:1800+30"]

1. g3 d5 2. Nf3 Bg4 3. Bg2 Nd7 4. d3 Ngf6 5. O-O e5 6. Qe1 Bd6 7. e4 O-O 8. Nc3 c6 9. h3 Bxf3 10. Bxf3 dxe4 11. dxe4 Nc5 12. Be3 Ne6 13. Rd1 Qe7 14. Nb1 Bc5 15. c3 Rfd8 16. Bc1 a5 17. Qe2 a4 18. Bg2 b5 19. Nd2 Bb6 20. Nf3 Nc5 21. Nh4 Qe6 22. Nf5 g6 23. Nh6+ Kg7 24. Bg5 Rxd1 25. Rxd1 Rd8 26. Rxd8 Bxd8 27. Ng4 h5 28. Nxf6 Bxf6 29. Be3 Nb7 30. a3 Be7 31. Qc2 h4 32. g4 Qa2 33. Qc1 Na5 34. Bf1 Nb3 35. Qc2 Bxa3 36. Bg5 Qxb2 37. Qd3 Bc5 0-1

[Event "90th GER-ch 2019"]
[Site "Magdeburg"]
[Date "2019.05.27"]
[Round "2.4"]
[White "Svane, Frederik"]
[Black "Engel, Luis"]
[Result "0-1"]
[ECO "B51"]
[WhiteElo "2342"]
[BlackElo "2512"]
[Annotator "ChessBase"]
[PlyCount "58"]
[EventDate "2019.05.26"]
[EventType "tourn"]
[EventCountry "GER"]
[SourceTitle "playchess.com"]
[Source "ChessBase"]
[SourceQuality "1"]
[TimeControl "40/5400+30:1800+30"]

1. e4 c5 2. Nf3 d6 3. Bb5+ Nd7 4. O-O a6 5. Bd3 Ngf6 6. Re1 e6 7. c3 b5 8. a4 c4 9. Bf1 Bb7 10. axb5 axb5 11. Rxa8 Bxa8 12. d3 Be7 13. Na3 O-O 14. b4 Qb8 15. dxc4 bxc4 16. Nd2 d5 17. exd5 Nxd5 18. Qc2 Bf6 19. Bb2 Ne5 20. Naxc4 Rc8 21. h3 Nf4 22. Ne3 Rd8 23. Be2 Qb7 24. Nf3 Nxg2 25. Nxg2 Nxf3+ 26. Bxf3 Qxf3 27. Kf1 Qxg2+ 28. Ke2 Bf3+ 29. Ke3 Bg5# {Kd4} 0-1

[Event "90th GER-ch 2019"]
[Site "Magdeburg"]
[Date "2019.05.27"]
[Round "2.5"]
[White "Krassowizkij, Jaroslaw"]
[Black "Trifan, Andrei Ioan"]
[Result "1-0"]
[ECO "E69"]
[WhiteElo "2450"]
[BlackElo "2268"]
[Annotator "RC"]
[PlyCount "83"]
[EventDate "2019.05.26"]
[EventType "tourn"]
[EventCountry "GER"]
[SourceTitle "playchess.com"]
[Source "ChessBase"]
[SourceQuality "1"]
[TimeControl "40/5400+30:1800+30"]

1. d4 Nf6 2. c4 g6 3. g3 Bg7 4. Bg2 O-O 5. Nc3 d6 6. Nf3 Nbd7 7. O-O e5 8. e4 c6 9. h3 Qb6 10. Re1 exd4 11. Nxd4 Ng4 12. Nce2 Nge5 13. b3 Nc5 14. Be3 a5 15. Rb1 Re8 16. Nc2 Qc7 17. Ned4 Ned7 18. f3 Nf6 19. Bf2 Bd7 20. Qd2 Rad8 21. a3 Bc8 22. b4 axb4 23. axb4 Ncd7 24. Ne3 Ne5 25. f4 Qe7 26. fxe5 dxe5 27. Nd5 cxd5 28. exd5 Qc7 29. c5 exd4 30. d6 Qd7 31. Bxd4 b6 32. Bxf6 Bxf6 33. c6 Rxe1+ 34. Rxe1 Qa7 35. Qf4 b5+ 36. Kh2 Qd4 37. Qxd4 Bxd4 38. c7 Rf8 39. Bc6 Bc3 40. Re2 Kg7 41. d7 Bf6 42. Re8 1-0

[Event "90th GER-ch 2019"]
[Site "Magdeburg"]
[Date "2019.05.27"]
[Round "2.8"]
[White "Stern, Rene"]
[Black "Rosner, Jonas"]
[Result "0-1"]
[ECO "D53"]
[WhiteElo "2538"]
[BlackElo "2413"]
[Annotator "RC"]
[PlyCount "94"]
[EventDate "2019.05.26"]
[EventType "tourn"]
[EventCountry "GER"]
[SourceTitle "playchess.com"]
[Source "ChessBase"]
[SourceQuality "1"]
[TimeControl "40/5400+30:1800+30"]

1. d4 d5 2. c4 e6 3. Nc3 Nf6 4. Bg5 Be7 5. e3 Nbd7 6. Nf3 h6 7. Bh4 O-O 8. Rc1 c5 9. dxc5 dxc4 10. c6 bxc6 11. Bxc4 Nb6 12. Qxd8 Rxd8 13. Be2 Bb7 14. Ne5 Nbd5 15. O-O c5 16. Nxd5 Bxd5 17. Bf3 g5 18. Bxd5 Rxd5 19. Bg3 Ne4 20. Nc4 Nd2 21. Nxd2 Rxd2 22. Be5 Rad8 23. Bc3 R2d3 24. Rfe1 f5 25. Kf1 Kf7 26. e4 f4 27. f3 h5 28. e5 Kg6 29. Re4 Kf5 30. Ke2 g4 31. Re1 Bh4 32. Rf1 gxf3+ 33. gxf3 c4 34. Bb4 Rxf3 35. Rxf3 Kxe4 36. Rc3 Kxe5 37. Rxc4 Kf5 38. Bc3 e5 39. Rc7 Ke4 40. Rc4+ Kf5 41. Rc7 Rg8 42. Rh7 Rg2+ 43. Kf1 Rf2+ 44. Kg1 Rc2 45. h3 Bg3 46. Rxh5+ Ke4 47. Rxe5+ Kf3 0-1

[Event "90th GER-ch 2019"]
[Site "Magdeburg"]
[Date "2019.05.27"]
[Round "2.9"]
[White "Heimrath, Reiner"]
[Black "Becker, Marcel"]
[Result "0-1"]
[ECO "B10"]
[WhiteElo "2239"]
[BlackElo "2308"]
[Annotator "NA"]
[PlyCount "64"]
[EventDate "2019.05.26"]
[EventType "tourn"]
[EventCountry "GER"]
[SourceTitle "playchess.com"]
[Source "ChessBase"]
[SourceQuality "1"]
[TimeControl "40/5400+30:1800+30"]

1. e4 c6 2. d3 d5 3. Nd2 e5 4. Ngf3 Bd6 5. Be2 Nf6 6. O-O O-O 7. a4 a5 8. c3 Re8 9. Qc2 Na6 10. Nb3 h6 11. Bd2 Be6 12. c4 dxe4 13. dxe4 b6 14. Rad1 Qc7 15. Bc3 Bg4 16. Nh4 Bf8 17. Bxg4 Nxg4 18. Qd3 Nf6 19. Rde1 Rad8 20. Qf3 Qc8 21. Nf5 Qe6 22. Qe2 g6 23. Ng3 Nc5 24. Nxc5 Bxc5 25. Rd1 h5 26. Rd3 h4 27. Nh1 Qxc4 28. Rfd1 Rxd3 29. Rxd3 Qxe4 30. Qd1 Nd5 31. Kf1 Nf4 32. Rf3 Qc4+ 0-1

[Event "90th GER-ch 2019"]
[Site "Magdeburg"]
[Date "2019.05.27"]
[Round "2.12"]
[White "Pajeken, Jakob Leon"]
[Black "Schulz, Karsten"]
[Result "1/2-1/2"]
[ECO "B07"]
[WhiteElo "2359"]
[BlackElo "2227"]
[Annotator "NA"]
[PlyCount "80"]
[EventDate "2019.05.26"]
[EventType "tourn"]
[EventCountry "GER"]
[SourceTitle "playchess.com"]
[Source "ChessBase"]
[SourceQuality "1"]
[TimeControl "40/5400+30:1800+30"]

1. e4 d6 2. d4 Nf6 3. Nc3 e5 4. Nf3 exd4 5. Nxd4 Be7 6. g3 O-O 7. Bg2 Re8 8. O-O Nbd7 9. h3 Bf8 10. g4 Nc5 11. Re1 c6 12. Bf4 a5 13. a4 Ne6 14. Bg3 Qb6 15. Nxe6 Bxe6 16. Qd2 Rad8 17. Kh2 d5 18. exd5 Nxd5 19. Nxd5 Bxd5 20. Rxe8 Rxe8 21. Bxd5 cxd5 22. b3 Bd6 23. Re1 Bxg3+ 24. Kxg3 Qc7+ 25. Kg2 Rxe1 26. Qxe1 h6 27. Qd2 Qc5 28. Qd3 b6 29. Kf3 Qd6 30. Ke2 Qc5 31. Kf1 Qc6 32. h4 Qe6 33. Qd4 Qc6 34. Qd3 Qe6 35. f3 Qc6 36. h5 Qe6 37. Kg2 Qe5 38. Kf1 Qe6 39. Qc3 f5 40. Qc7 fxg4 1/2-1/2

[Event "90th GER-ch 2019"]
[Site "Magdeburg"]
[Date "2019.05.27"]
[Round "2.14"]
[White "Adiyaman, Rene"]
[Black "Gungl, Theo"]
[Result "0-1"]
[ECO "B20"]
[WhiteElo "2175"]
[BlackElo "2331"]
[Annotator "NA"]
[PlyCount "50"]
[EventDate "2019.05.26"]
[EventType "tourn"]
[EventCountry "GER"]
[SourceTitle "playchess.com"]
[Source "ChessBase"]
[SourceQuality "1"]
[TimeControl "40/5400+30:1800+30"]

1. e4 c5 2. b3 d6 3. Bb2 Nc6 4. Nc3 Nf6 5. f4 g6 6. Nf3 Bg7 7. Qe2 O-O 8. O-O-O a6 9. Kb1 Rb8 10. e5 dxe5 11. fxe5 Ng4 12. Na4 Qc7 13. h3 Ngxe5 14. Nxe5 Bxe5 15. Bxe5 Nxe5 16. Nxc5 Qxc5 17. d4 Qc6 18. dxe5 Bf5 19. Rh2 Rfd8 20. Rxd8+ Rxd8 21. g4 Be4 22. Bg2 Rd4 23. h4 Qd5 24. Bxe4 Rxe4 25. Qf3 Re1+ 0-1

[Event "90th GER-ch 2019"]
[Site "Magdeburg"]
[Date "2019.05.27"]
[Round "2.16"]
[White "Schulz, Lukas"]
[Black "Nosek, Reinhard"]
[Result "1-0"]
[ECO "B31"]
[WhiteElo "2302"]
[BlackElo "1913"]
[Annotator "NA RC"]
[PlyCount "65"]
[EventDate "2019.05.26"]
[EventType "tourn"]
[EventCountry "GER"]
[SourceTitle "playchess.com"]
[Source "ChessBase"]
[SourceQuality "1"]
[TimeControl "40/5400+30:1800+30"]

1. e4 c5 2. Nf3 Nc6 3. Bb5 g6 4. O-O Bg7 5. Re1 e6 6. Bxc6 dxc6 7. e5 Ne7 8. d3 h6 9. Nc3 Qc7 10. Ne4 b6 11. Nd6+ Kf8 12. Bf4 Ba6 13. Nd2 g5 14. Bg3 h5 15. N2e4 h4 16. Qf3 Nf5 17. Nxg5 hxg3 18. hxg3 Kg8 19. Ndxf7 Qe7 20. Re4 Rf8 21. Nxh8 Qxg5 22. Rg4 Qh6 23. Ng6 Nd4 24. Ne7+ Kh8 25. Qe4 Rf5 26. c3 Rxe5 27. Ng6+ Kg8 28. Nxe5 Nc2 29. Qxc6 Nxa1 30. Qe8+ Kh7 31. Rh4 Qxh4 32. gxh4 Bxe5 33. Qh5+ 1-0

[Event "90th GER-ch 2019"]
[Site "Magdeburg"]
[Date "2019.05.28"]
[Round "3.7"]
[White "Maetzkow, Maximilian Paul"]
[Black "Kvetny, Mark"]
[Result "0-1"]
[ECO "D02"]
[WhiteElo "2338"]
[BlackElo "2414"]
[Annotator "RC"]
[PlyCount "90"]
[EventDate "2019.05.26"]
[EventType "tourn"]
[EventCountry "GER"]
[SourceTitle "playchess.com"]
[Source "ChessBase"]
[SourceQuality "1"]
[TimeControl "40/5400+30:1800+30"]

1. d4 d5 2. Nf3 Nf6 3. Bf4 c5 4. c3 Nc6 5. e3 Qb6 6. Qb3 c4 7. Qc2 Bf5 8. Qc1 h6 9. h3 e6 10. Nbd2 Be7 11. Be2 O-O 12. O-O Rfc8 13. Re1 Qd8 14. Ne5 b5 15. Bf3 a5 16. e4 Bh7 17. Bg3 b4 18. exd5 Nxe5 19. dxe5 Nxd5 20. Ne4 Bxe4 21. Bxe4 a4 22. Rd1 a3 23. cxb4 Bxb4 24. bxa3 Rxa3 25. Rb1 Qa5 26. Rd4 Nc3 27. Rb2 Bc5 28. Bb7 Bxd4 29. Bxc8 Nxa2 30. Qxc4 Bxb2 31. Bxe6 Qa7 32. Bf5 g6 33. Bxg6 Rxg3 34. Bxf7+ Qxf7 35. Qc8+ Kg7 36. e6 Qa7 37. e7 Rxg2+ 38. Kxg2 Qxe7 39. Qc4 Qg5+ 40. Kf3 Qf6+ 41. Kg2 Nc1 42. h4 Qg6+ 43. Kh1 Nd3 44. Qc7+ Kg8 45. Qb8+ Kh7 0-1

[Event "90th GER-ch 2019"]
[Site "Magdeburg"]
[Date "2019.05.28"]
[Round "3.8"]
[White "Gungl, Theo"]
[Black "Roseneck, Jonas"]
[Result "1/2-1/2"]
[ECO "D85"]
[WhiteElo "2331"]
[BlackElo "2403"]
[Annotator "ChessBase"]
[PlyCount "28"]
[EventDate "2019.05.26"]
[EventType "tourn"]
[EventCountry "GER"]
[SourceTitle "playchess.com"]
[Source "ChessBase"]
[SourceQuality "1"]
[TimeControl "40/5400+30:1800+30"]

1. d4 Nf6 2. c4 g6 3. Nc3 d5 4. cxd5 Nxd5 5. e4 Nxc3 6. bxc3 Bg7 7. Be3 c5 8. Nf3 Qa5 9. Nd2 Bd7 10. Nb3 Qxc3+ 11. Bd2 Qb2 12. Bc1 Qc3+ 13. Bd2 Qb2 14. Bc1 Qc3+ 1/2-1/2

[Event "90th GER-ch 2019"]
[Site "Magdeburg"]
[Date "2019.05.28"]
[Round "3.9"]
[White "Paul, Johannes"]
[Black "Schulz, Lukas"]
[Result "1-0"]
[ECO "E94"]
[WhiteElo "2364"]
[BlackElo "2302"]
[Annotator "ChessBase"]
[PlyCount "71"]
[EventDate "2019.05.26"]
[EventType "tourn"]
[EventCountry "GER"]
[SourceTitle "playchess.com"]
[Source "ChessBase"]
[SourceQuality "1"]
[TimeControl "40/5400+30:1800+30"]

1. d4 Nf6 2. c4 g6 3. Nc3 Bg7 4. e4 d6 5. Nf3 O-O 6. Be2 e5 7. O-O exd4 8. Nxd4 Re8 9. f3 c6 10. Kh1 d5 11. cxd5 cxd5 12. Bg5 dxe4 13. Ndb5 Nbd7 14. fxe4 Qb6 15. Nd6 Re6 16. Nc4 Qc5 17. e5 Nxe5 18. Rxf6 Nxc4 19. Bxc4 Qxg5 20. Qd8+ Bf8 21. Bxe6 Bxe6 22. Rxg6+ Qxg6 23. Qxa8 Bd7 24. Qb8 Bc6 25. Qg3 Qxg3 26. hxg3 Bd6 27. Kh2 h5 28. Rd1 Be5 29. Nd5 Kg7 30. Ne7 Be8 31. Rd8 Kf8 32. Nf5 Bc7 33. Rc8 Be5 34. Kh3 Bxb2 35. Nd6 Ke7 36. Nxe8 1-0